 Dungeon Sprint DCSS version 0.27-a0-1513-g2aaa0cc67b (webtiles) character file.

Game seed: 6815659642527777062

1964 mhtbhm the Cleaver (level 9, 0/135 HPs)
             Began as a Minotaur Monk on July 9, 2021.
             Was the Champion of Qazlal.
             Slain by a hellwing (9 damage)
             ... in the Dungeon (Sprint VII: "The Pits").
             The game lasted 00:01:57 (1214 turns).

mhtbhm the Cleaver (Minotaur Monk)                  Turns: 1214, Time: 00:01:57

Health: 0/135      AC: 20    Str: 20    XL:     9   Next: 0%
Magic:  11/11      EV:  9    Int:  7    God:    Qazlal [******]
Gold:   0          SH:  8    Dex: 12    Spells: 8/8 levels left

rFire    . . .     SeeInvis .   a - +1 broad axe (vorpal)
rCold    . . .     Faith    .   (no shield)
rNeg     . . .     Spirit   .   b - +3 plate armour
rPois    .         Reflect  .   (helmet restricted)
rElec    .         Harm     .   n - +0 cloak
rCorr    .         Rampage  .   (no gloves)
Will     .....     NoTele   +   (no boots)
Stlth    ..........             (no amulet)
HPRegen  0.32/turn              (no ring)
MPRegen  0.12/turn              (no ring)

@: berserking, lethally poisoned (0 -> -54), protected from physical damage,
repel missiles, very quick
A: horns 2, retaliatory headbutt
a: Renounce Religion, Upheaval, Elemental Force, Disaster Area


You were in the Dungeon.
You worshipped Qazlal.
Qazlal was exalted by your worship.
You visited 1 branch

Inventory:

Hand Weapons
 a - a +1 vorpal broad axe (weapon)
Armour
 b - a +3 plate armour (worn)
 n - a +0 cloak (worn)
Jewellery
 l - a +3 ring of evasion
 m - a +3 ring of intelligence
Scrolls
 h - a scroll of blinking
 j - 5 scrolls of amnesia
 k - a scroll of summoning
Potions
 c - 9 potions of curing
 d - 9 potions of heal wounds
 e - 2 potions of haste
 f - 4 potions of magic
 g - a potion of berserk rage
 i - 2 potions of invisibility


   Skills:
 + Level 12.0 Fighting
 + Level 14.0 Axes
 + Level 6.7 Armour
 + Level 9.6 Dodging
 - Level 4.6 Stealth
 + Level 6.3 Shields
 * Level 4.3 Invocations


You had 8 spell levels left.
You didn't know any spells.
Your spell library was empty.

Dungeon Overview and Level Annotations

Branches:
Dungeon (1/1)

Altars:
Ashenzari
Cheibriados
Dithmenos
Elyvilon
Fedhas
Gozag
Hepliaklqana
Kikubaaqudgha
Makhleb
Nemelex Xobeh
Okawaru
Qazlal
Ru
Sif Muna
Trog
Uskayaw
Vehumet
Wu Jian
Xom
Yredelemnul
Zin
The Shining One
Beogh
Jiyva
Lugonu


Innate Abilities, Weirdness & Mutations

You have a pair of horns on your head.
You reflexively headbutt those who attack you in melee.


Message History

The spriggan defender is engulfed in freezing vapours.
The spriggan defender hits you with a +2 demon whip of venom.
You are more poisoned.
You barely miss the spriggan defender.
The spriggan defender is heavily wounded.
You hit the two-headed ogre. You hit the hellwing.
You feel very sick.
The spriggan defender is engulfed in freezing vapours.
The spriggan defender barely misses you.
The hellwing hits you.
You feel protected from physical attacks.
The hellwing hits you.
You feel more protected from physical attacks.
The two-headed ogre hits you with a +0 giant club!!
* * * LOW HITPOINT WARNING * * *
You block the two-headed ogre's attack.
You miss the spriggan defender.
Your headbutt misses the spriggan defender.
The spriggan defender is severely wounded.
You slash the two-headed ogre! You closely miss the hellwing.
* * * LOW HITPOINT WARNING * * *
You feel very sick.
The spriggan defender is engulfed in freezing vapours.
The spriggan defender hits you with a +2 demon whip of venom.
* * * LOW HITPOINT WARNING * * *
You feel more protected from physical attacks.
You are more poisoned.
You barely miss the spriggan defender.
Your headbutt misses the spriggan defender.
The spriggan defender is severely wounded.
You closely miss the hellwing. You slash the two-headed ogre!
You kill the two-headed ogre!
Qazlal accepts your kill.
* * * LOW HITPOINT WARNING * * *
You feel extremely sick.
The spriggan defender is engulfed in freezing vapours.
The spriggan defender hits you but does no damage.
You are more poisoned.
The hellwing hits you!
You die...

######### ....##..#
....##..# # ....''..#
.#
....''..##########..#
....##÷÷÷.......@i..#
....##........§4.○..#
#####################


You could see a spriggan defender and a hellwing.

Vanquished Creatures
  A two-headed ogre (D)
  A hornet (D)
  A tarantella (D)
  A redback (D)
  A spriggan (D)
  5 yaks (D)
  An ice beast (D)
  An ogre (D)
  A phantom (D)
  4 wights (D)
  An orc priest (D)
  A hound (D)
  An iron imp (D)
  2 orc wizards (D)
  An adder (D)
  A gnoll (D)
  A river rat (D)
  An ufetubus (D)
  A worm (D)
  4 orcs (D)
  2 ball pythons (D)
  A bat zombie (D)
  A goblin (D)
  A hobgoblin (D)
  2 frilled lizards (D)
38 creatures vanquished.

Notes
Turn   | Place    | Note
-------+----------+-------------------------------------------
     0 | D        | mhtbhm the Minotaur Monk began the quest for the Orb.
     0 | D        | Reached XP level 1. HP: 19/19 MP: 0/0
    19 | D        | Found a bloodstained altar of Trog.
    19 | D        | Found a shimmering blue altar of Sif Muna.
    19 | D        | Found a viscous altar of Jiyva.
    19 | D        | Found a hazy altar of Hepliaklqana.
    19 | D        | Found an opulent altar of Gozag.
    20 | D        | Found a glowing golden altar of the Shining One.
    20 | D        | Found a glowing silver altar of Zin.
    20 | D        | Found a basalt altar of Yredelemnul.
    20 | D        | Found a shimmering altar of Xom.
    20 | D        | Found an ornate altar of the Wu Jian Council.
    20 | D        | Found a sacrificial altar of Ru.
    20 | D        | Found a stormy altar of Qazlal.
    20 | D        | Found an iron altar of Okawaru.
    20 | D        | Found a sparkling altar of Nemelex Xobeh.
    20 | D        | Found a burning altar of Makhleb.
    20 | D        | Found a blossoming altar of Fedhas.
    20 | D        | Found a white marble altar of Elyvilon.
    20 | D        | Found a shadowy altar of Dithmenos.
    20 | D        | Found a snail-covered altar of Cheibriados.
    22 | D        | Found a radiant altar of Vehumet.
    22 | D        | Found a corrupted altar of Lugonu.
    23 | D        | Found a hide-covered altar of Uskayaw.
    23 | D        | Found an ancient bone altar of Kikubaaqudgha.
    23 | D        | Found a broken altar of Ashenzari.
    29 | D        | Became a worshipper of Qazlal Stormbringer
    29 | D        | Reached * piety under Qazlal
    29 | D        | Reached ** piety under Qazlal
    69 | D        | Reached skill level 4 in Axes
    80 | D        | HP: 1/20 [river rat (7)]
    83 | D        | Reached XP level 2. HP: 23/28 MP: 1/1
    89 | D        | Reached *** piety under Qazlal
    90 | D        | Reached skill level 5 in Fighting
    90 | D        | Reached skill level 5 in Axes
   315 | D        | Noticed an ogre
   324 | D        | Killed an ogre
   325 | D        | Reached skill level 7 in Axes
   325 | D        | Reached XP level 3. HP: 38/38 MP: 2/2
   325 | D        | Reached XP level 4. HP: 45/45 MP: 3/3
   391 | D        | Reached **** piety under Qazlal
   392 | D        | Reached skill level 8 in Axes
   392 | D        | Reached skill level 1 in Shields
   392 | D        | Reached XP level 5. HP: 10/52 MP: 4/4
   398 | D        | Reached ***** piety under Qazlal
   408 | D        | Reached skill level 9 in Axes
   413 | D        | Reached skill level 1 in Armour
   413 | D        | Reached XP level 6. HP: 59/62 MP: 5/5
   419 | D        | Reached skill level 10 in Axes
   565 | D        | Noticed a redback
   571 | D        | Killed a redback
   572 | D        | Reached skill level 11 in Axes
   572 | D        | Reached XP level 7. HP: 60/71 MP: 6/6
   580 | D        | Reached ****** piety under Qazlal
   581 | D        | Reached skill level 10 in Fighting
   664 | D        | Noticed a tarantella
   664 | D        | Noticed a spriggan
   674 | D        | Reached skill level 12 in Axes
   674 | D        | Killed a tarantella
   686 | D        | Killed a spriggan
   687 | D        | Reached skill level 5 in Shields
   687 | D        | Reached XP level 8. HP: 36/82 MP: 7/7
   945 | D        | Noticed a hornet
   953 | D        | Reached skill level 13 in Axes
   953 | D        | Reached skill level 1 in Invocations
   954 | D        | Reached skill level 5 in Armour
   955 | D        | Killed a hornet
   959 | D        | Reached skill level 14 in Axes
   959 | D        | Reached XP level 9. HP: 32/90 MP: 7/11
  1202 | D        | Noticed a hellwing
  1204 | D        | Noticed a spriggan defender
  1207 | D        | Noticed a two-headed ogre
  1214 | D        | Killed a two-headed ogre
  1214 | D        | Slain by a hellwing

Illustrated notes

Levels and vault maps discovered:
D:        pitsprint [storerooms_1, entrance_room_1, metal_vault_4, armoury_3,
          mini_pit_1, grid_room_1, main_hall_1, silver_pit, the_coven_2,
          the_vestibule_1, steel_vault_4, golden_pit, hallway_of_sentries,
          crystal_vault_1, iron_vault_4, final_vault]

Skill      XL: |  1  2  3  4  5  6  7  8 |
---------------+-------------------------+-----
Fighting       | 4 6 7 8 9 11 12 | 12.0
Axes           | 4 7 8 9 11 12 14 | 14.0
Dodging        | 4 6 7 8 9 |  9.6
Stealth        | 2 3 4 |  4.6
Shields        | 1 2 3 5 6 |  6.3
Armour         | 1 2 4 6 |  6.7
Invocations    | 4 |  4.3

Action                   |  1- 3 |  4- 6 |  7- 9 || total
-------------------------+-------+-------+-------++-------
Melee: Hand axe          |    27 |    34 |    30 ||    91
       Headbutt          |     5 |     7 |    11 ||    23
       Broad axe         |       |       |    18 ||    18
  Use: Potion            |     1 |     5 |     1 ||     7
 Stab: Sleeping          |     1 |       |       ||     1
Armor: Robe              |     2 |       |       ||     2
       Chain mail        |       |    11 |     8 ||    19
       Plate armour      |       |       |    11 ||    11
Dodge: Dodged            |    20 |    17 |    15 ||    52
Block: Other             |     4 |    18 |    21 ||    43

Table legend: (Time is in decaauts)
 A = Elapsed time spent in this place.
 B = Non-inter-level travel time spent in this place.
 C = Inter-level travel time spent in this place.
 D = Time resting spent in this place.
 E = Time spent auto-exploring this place.
 F = Levels seen in this place.
 G = Mean time per level.
                   A        B        C        D        E       F      G
               +--------+--------+--------+--------+--------+-----+--------+
         Total |   1215 |   1215 |      0 |    652 |    191 |   1 | 1215.0 |
       Dungeon |   1215 |   1215 |      0 |    652 |    191 |   1 | 1215.0 |
               +--------+--------+--------+--------+--------+-----+--------+

Top non-repeatable levels by time:
       D: 1215 daAuts
